 Dungeon Crawl Stone Soup version 0.19-a0-1697-g0595f0e (webtiles) character file.

815 Amnesiac the Geomancer (level 7, -1/36 HPs)
             Began as a Deep Elf Earth Elementalist on Sept 26, 2016.
             Was a Believer of Sif Muna.
             Slain by a centaur (5 damage)
             ... on level 5 of the Dungeon.
             The game lasted 00:07:17 (3780 turns).

Amnesiac the Geomancer (DEEE)                       Turns: 3780, Time: 00:07:18

Health: -1/36      AC:  3    Str:  5    XL:     7   Next: 62%
Magic:  1/19       EV: 13    Int: 27    God:    Sif Muna [**....]
Gold:   165        SH:  0    Dex: 15    Spells: 5 memorised, 4 levels left

rFire  + . .     SeeInvis +     s - 53 stones
rCold  + . .     Gourm    .     c - +0 robe
rNeg   . . .     Faith    .     (no shield)
rPois  +         Spirit   .     (no helmet)
rElec  +         Dismiss  .     (no cloak)
rCorr  +         Reflect  .     (no gloves)
MR     .....     Harm     .     (no boots)
Stlth  ++........               o - amulet of regeneration
                                (no ring)
                                n - ring of see invisible

@: brilliant, resistant, divine energy
A: no striking features
a: Stop Divine Energy, Renounce Religion


You were on level 5 of the Dungeon.
You worshipped Sif Muna.
Sif Muna was pleased with you.
You were not hungry.

You visited 2 branches of the dungeon, and saw 6 of its levels.

You collected 165 gold pieces.

Inventory:

Missiles
 s - 53 stones (in hand)
Armour
 c - a +0 robe (worn)
Jewellery
 n - a ring of see invisible (left hand)
 o - an amulet of regeneration (around neck)
Wands
 g - a wand of flame (29/48)
 h - a wand of iceblast (6/15)
Scrolls
 a - a scroll of random uselessness {unknown}
 i - 3 scrolls of identify {unknown}
 j - a scroll of blinking {unknown}
 l - 5 scrolls of remove curse
 r - a scroll of recharging {unknown}
 u - a scroll of amnesia {unknown}
 y - a scroll of magic mapping {unknown}
 z - 2 scrolls of immolation {unknown}
Potions
 f - a potion of curing {unknown}
 k - a potion of brilliance
 m - a potion of resistance
 q - a potion of lignification {unknown}
 v - a potion of ambrosia {unknown}
 A - a potion of agility {unknown}
 B - a potion of heal wounds {unknown}
 C - a potion of might {unknown}
Books
 e - a book of Geomancy

   Spells                             Type                      Level
   a - Sandblast                      Earth                        1
   b - Passwall                       Transmutation/Earth          2
   c - Stone Arrow                    Conjuration/Earth            3
   d - Petrify                        Transmutation/Earth          4
   e - Lee's Rapid Deconstruction     Earth                        5
 t - a book of Fire

   Spells                             Type                      Level
   a - Ignite Poison                  Fire/Transmutation/Poison    3
   b - Fireball                       Conjuration/Fire             5
   c - Bolt of Fire                   Conjuration/Fire             6
   d - Delayed Fireball               Conjuration/Fire             7
   e - Ring of Flames                 Charms/Fire                  7
Comestibles
 b - a slice of pizza
 d - a bread ration
 p - a beef jerky
 w - 2 meat rations
 x - a royal jelly


   Skills:
 - Level 2.4 Dodging
 - Level 2.4 Stealth
 + Level 6.7 Spellcasting
 - Level 1.1 Transmutations
 * Level 8.6 Earth Magic


You had 4 spell levels left.
You knew the following spells:

 Your Spells              Type           Power        Failure   Level  Hunger
a - Sandblast             Erth           ######       1%          1    None
e - Petrify               Tmut/Erth      ######..     1%          4    ###....
f - Lee's Rapid Deconstr  Erth           ######....   1%          5    #####..
v - Passwall              Tmut/Erth      ######....   1%          2    None
z - Stone Arrow           Conj/Erth      #####.       1%          3    None


Dungeon Overview and Level Annotations

Branches:
Dungeon (5/15)             Temple (1/1) D:4

Altars:
Ashenzari
Cheibriados
Elyvilon
Gozag
Makhleb
Nemelex Xobeh
Okawaru
Sif Muna
Trog
Uskayaw
Xom
Yredelemnul
Zin
The Shining One


Message History

Unknown command.
The centaur hits you.
Unknown command.
It was a potion of resistance.
You feel protected. The centaur hits you.
* * * LOW HITPOINT WARNING * * *
The centaur closely misses you.
It was a potion of brilliance.
You feel clever all of a sudden. The centaur barely misses you.
Unknown command.
The centaur hits you!
* * * LOW HITPOINT WARNING * * *
The centaur completely misses you.
Okay, then.
The centaur closely misses you.
You regain access to your magic.
The centaur hits you.
You die...

...................## #.#
#...................# #.#
#...................# #.#
#...........#.(.....#
.#...................# #
........)............####.#
........†..((.............#
.........o....####.....####
.........c@............#
....#....####...##.....#
................##.....#
................##.....#
.............#.###.....#
.........#####'###.....#
.........##............#
.........##............#
#............#


You could see a centaur and an orc.

Vanquished Creatures
  Eustachio (D:4)
  An ogre (D:4)
  A centaur (D:5)
  A howler monkey (D:4)
  An orc priest (D:4)
  A jelly (D:5)
  2 hounds (D:4)
  Jessica (D:3)
  Ijyb (D:3)
  Natasha (thrice) (D:3)
  An iguana (D:4)
  A worker ant (D:4)
  A hound skeleton (D:4)
  A howler monkey zombie (D:5)
  3 gnolls (D:2)
  An adder (D:2)
  A shadow imp (D:5)
  3 worms (D:2)
  4 dart slugs
  4 leopard geckos
  7 orcs
  A giant cockroach (D:2)
  9 goblins
  6 hobgoblins
  7 jackals
  11 kobolds
  2 quokkas (D:2)
  4 ball pythons
  10 bats
  5 frilled lizards
  A leopard gecko skeleton (D:4)
  A quokka skeleton (D:4)
  9 rats
106 creatures vanquished.

Vanquished Creatures (others)
  A plant (D:3)
1 creature vanquished.

Grand Total: 107 creatures vanquished

Notes
Turn   | Place    | Note
-------+----------+-------------------------------------------
     0 | D:1      | Amnesiac the Deep Elf Earth Elementalist began the quest for the Orb.
     0 | D:1      | Reached XP level 1. HP: 10/10 MP: 6/6
   147 | D:1      | Reached XP level 2. HP: 12/15 MP: 2/8
   437 | D:4      | Reached skill level 4 in Earth Magic
   464 | D:4      | Reached XP level 3. HP: 19/19 MP: 5/10
   508 | D:4      | Found a staircase to the Ecumenical Temple.
   526 | Temple   | Entered the Ecumenical Temple
   546 | Temple   | Became a worshipper of Sif Muna the Loreminder
   628 | D:2      | Found a white marble altar of Elyvilon.
   967 | D:1      | Reached XP level 4. HP: 24/24 MP: 4/12
  1022 | D:1      | Reached skill level 5 in Earth Magic
  1341 | D:2      | Learned a level 4 spell: Petrify
  1360 | D:2      | Found a shimmering altar of Xom.
  1511 | D:2      | Reached XP level 5. HP: 28/28 MP: 3/13
  1525 | D:2      | Learned a level 5 spell: Lee's Rapid Deconstruction
  1528 | D:2      | Learned a level 2 spell: Passwall
  1753 | D:2      | Reached * piety under Sif Muna
  1786 | D:2      | Found a sparkling altar of Nemelex Xobeh.
  1786 | D:2      | Found a basalt altar of Yredelemnul.
  1890 | D:3      | Noticed Natasha
  1911 | D:3      | Killed Natasha
  1911 | D:3      | Reached skill level 6 in Earth Magic
  2076 | D:3      | Noticed Ijyb
  2082 | D:3      | Killed Ijyb
  2223 | D:3      | Noticed Jessica
  2227 | D:3      | Killed Jessica
  2401 | D:3      | Noticed Natasha
  2403 | D:3      | Killed Natasha
  2403 | D:3      | Reached skill level 5 in Spellcasting
  2472 | D:3      | Noticed Natasha
  2557 | D:3      | Killed Natasha
  2557 | D:3      | Reached XP level 6. HP: 32/32 MP: 0/15
  2776 | D:4      | Found an opulent altar of Gozag.
  2779 | D:4      | Found a hide-covered altar of Uskayaw.
  2813 | D:4      | Learned a level 3 spell: Stone Arrow
  2986 | D:4      | Reached skill level 7 in Earth Magic
  3110 | D:4      | Noticed Eustachio
  3140 | D:4      | Killed Eustachio
  3140 | D:4      | Reached XP level 7. HP: 36/36 MP: 0/18
  3140 | D:4      | Reached ** piety under Sif Muna
  3388 | D:4      | Reached skill level 8 in Earth Magic
  3565 | D:5      | Entered Level 5 of the Dungeon
  3780 | D:5      | Slain by a centaur

Vault maps used:
D:1:      dpeg_arrival_yet_another_circle, minmay_misc_feat_square
D:2:      nicolae_overflow_hidden_temple, minmay_misc_feat_ornament,
          kennysheep_generic_room_11
D:3:      serial_bayou_lagoon_a, uniq_natasha, uniq_iyjb, uniq_jessica
D:4:      minitemple, uniq_eustachio
D:5:      first_bread
Temple:   nicolae_temple_god_jail

Skill      XL: |  1  2  3  4  5  6  7 |
---------------+----------------------+-----
Earth Magic    | 4 5 6 7 8 |  8.6
Spellcasting   | 4 5 6 |  6.7
Dodging        | |  2.4
Stealth        | |  2.4
Transmutations | |  1.1

Action                   |  1- 3 |  4- 6 |  7- 9 || total
-------------------------+-------+-------+-------++-------
 Cast: Sandblast         |    44 |    87 |       ||   131
       Lee's Rapid Decon |       |     8 |     3 ||    11
       Stone Arrow       |       |    15 |    28 ||    43
       Petrify           |       |       |     1 ||     1
Invok: Divine Energy     |       |     1 |       ||     1
  Use: Scroll            |       |     1 |       ||     1
       Potion            |       |       |     2 ||     2
  Eat: Chunk             |       |    10 |     3 ||    13
Armor: Robe              |     5 |    10 |     2 ||    17
Dodge: Dodged            |    17 |    34 |    24 ||    75
